 Dungeon Crawl Stone Soup version 0.24-a0-194-g9bee6eb (webtiles) character file.

Game seed: 15506115114065951007

319 gruber the Skirmisher (level 6, -1/58 HPs)
             Began as a Centaur Hunter on Mar 18, 2019.
             Slain by a gnoll sergeant
             ... wielding a +1 spear of venom
              (4 damage)
             ... on level 4 of the Dungeon.
             The game lasted 00:05:19 (2496 turns).

gruber the Skirmisher (Centaur Hunter)              Turns: 2496, Time: 00:05:20

Health: -1/58      AC:  7    Str: 20    XL:     6   Next: 21%
Magic:  6/6        EV:  9    Int: 10    God:
Gold:   103        SH:  0    Dex: 11    Spells: 5/5 levels left

rFire    . . .     SeeInvis .   a - +1 shortbow
rCold    . . .     Gourm    .   (shield currently unavailable)
rNeg     . . .     Faith    .   k - +0 leather armour (curse)
rPois    .         Spirit   .   (no helmet)
rElec    .         Reflect  .   (no cloak)
rCorr    .         Harm     .   q - +0 pair of gloves
MR       .....                  (no barding)
Stlth    +.........             (no amulet)
HPRegen  0.19/turn              (no ring)
MPRegen  0.10/turn              (no ring)

@: mighty, lethally poisoned (-1 -> -8), flying, hasted, very quick
A: large, hooves 3, slimy green scales 1, blurry vision 1, deformed body, speed
2, tough skin 3
a: no special abilities


You were on level 4 of the Dungeon.
You were not hungry.

You visited 1 branch of the dungeon, and saw 4 of its levels.

You collected 103 gold pieces.

Inventory:

Hand Weapons
 a - a +1 shortbow (weapon)
 b - a +0 short sword
 c - a +3 morningstar
Missiles
 d - 25 arrows (quivered)
 p - a throwing net
Armour
 k - a cursed +0 leather armour (worn)
 q - a +0 pair of gloves (worn)
Scrolls
 g - 2 scrolls of identify {unknown}
 i - a scroll of fog {unknown}
 l - a scroll of remove curse {unknown}
 m - a scroll of blinking {unknown}
 n - a scroll of amnesia {unknown}
Comestibles
 f - 5 rations


   Skills:
 * Level 6.6 Fighting
 - Level 5.3 Bows
 - Level 1.3 Dodging
 - Level 0.4 Stealth


You had 5 spell levels left.
You didn't know any spells.
Your spell library was empty.

Dungeon Overview and Level Annotations

Branches:
Dungeon (4/15)
 Temple: D:4-7

Altars:
Qazlal


Innate Abilities, Weirdness & Mutations

You have hooves in place of feet.
Armour fits poorly on your strangely shaped body.
You cover ground very quickly.
You have extremely tough skin. (AC +3)
You are partially covered in slimy green scales. (AC +2)
Scrolls take you a little longer to read.


Message History

[Y]es or [N]o only, please.
Really attack while wielding your +1 shortbow? [Y]es or [N]o only, please.
Really attack while wielding your +1 shortbow? [Y]es or [N]o only, please.
Really attack while wielding your +1 shortbow? [Y]es or [N]o only, please.
Really attack while wielding your +1 shortbow? [Y]es or [N]o only, please.
Really attack while wielding your +1 shortbow? [Y]es or [N]o only, please.
Really attack while wielding your +1 shortbow?
Okay, then.
Unknown command.
The gnoll sergeant closely misses you. The gnoll closely misses you.
* * * LOW HITPOINT WARNING * * *
You feel sick.
The gnoll sergeant hits you with a +1 spear of venom.
You die...

#......<....#.....#
#.#########.#.###.#
#.#.# #.# #.#†# #.#
#.#.# #.# #..†# #.#
######..## ###
#......g.# #.####..@#
#.# ##g## # ### #†# .#
#.# (# #.# #+## (#
##.## #..# (#
#.##...####.####g# #
#.........g....#(##.♣
#.###...#............♣


You could see a gnoll sergeant and a gnoll.

Vanquished Creatures
  Sigmund (D:3)
  A hound (D:4)
  A worker ant (D:2)
  3 adders
  A gnoll (D:4)
  An ooze (D:3)
  2 leopard geckos
  5 orcs (D:3)
  11 bats
  4 giant cockroaches
  8 goblins
  6 hobgoblins
  A quokka (D:3)
  A ball python (D:3)
  4 frilled lizards
  11 kobolds
  19 rats
80 creatures vanquished.

Vanquished Creatures (others)
  2 plants (D:4)
2 creatures vanquished.

Grand Total: 82 creatures vanquished

Notes
Turn   | Place    | Note
-------+----------+-------------------------------------------
     0 | D:1      | gruber the Centaur Hunter began the quest for the Orb.
     0 | D:1      | Reached XP level 1. HP: 17/17 MP: 1/1
   200 | D:1      | Reached XP level 2. HP: 23/25 MP: 2/2
   252 | D:1      | Reached skill level 3 in Fighting
   776 | D:2      | Reached XP level 3. HP: 29/31 MP: 3/3
   907 | D:2      | Found a stormy altar of Qazlal.
  1026 | D:2      | Reached skill level 4 in Fighting
  1218 | D:2      | Reached XP level 4. HP: 21/41 MP: 4/4
  1847 | D:3      | Noticed Sigmund
  1890 | D:3      | Killed Sigmund
  1890 | D:3      | Reached skill level 6 in Fighting
  1890 | D:3      | Reached XP level 5. HP: 46/50 MP: 5/5
  2148 | D:3      | Reached XP level 6. HP: 35/58 MP: 6/6
  2263 | D:4      | Noticed a water moccasin
  2484 | D:4      | Gained mutation: Scrolls take you a little longer to read.
                  | [potion of mutation]
  2484 | D:4      | Gained mutation: You are partially covered in slimy green
                  | scales. (AC +2) [potion of mutation]
  2496 | D:4      | Slain by a gnoll sergeant

Levels and vault maps discovered:
D:1:      doesnt_arrival_eight_statues, layout_basic, minmay_strange_pillars
D:2:      layout_rooms, lemuel_round_altar
D:3:      layout_basic, first_ration, patterned_corridor, uniq_sigmund
D:4:      layout_loops_ring, marbit_many_paths, gammafunk_temple_overflow_arena,
          lemuel_doored_altar, kennysheep_little_box, serial_forest,
          infiniplex_forest_end_2, infiniplex_forest_lined_room_,
          infiniplex_forest_clump_C, infiniplex_forest_clump_cross,
          infiniplex_forest_clump_medium, infiniplex_forest_end_2,
          infiniplex_forest_end_3, uniq_menkaure

Skill      XL: |  1  2  3  4 |
---------------+-------------+-----
Fighting       | 3 4 6 |  6.6
Bows           | |  5.3
Dodging        | |  1.3
Stealth        | |  0.4

Action                   |  1- 3 |  4- 6 || total
-------------------------+-------+-------++-------
Melee: Short sword       |   115 |       ||   115
       Kick              |    17 |     8 ||    25
       Morningstar       |       |    68 ||    68
 Fire: Shortbow          |    24 |    34 ||    58
  Use: Potion            |       |     5 ||     5
  Eat: Chunk             |       |     4 ||     4
Armor: Leather armour    |    49 |    40 ||    89
Dodge: Dodged            |    59 |    56 ||   115

Table legend:
 A = Non-vault XP
 B = Vault XP
 C = Vault XP percentage of total XP
 D = Non-vault monster count
 E = Vault monster count
 F = Vault count percentage of total count
                 A         B        C        D         E       F
            +---------+---------+-------+---------+---------+-------
      Total |     245 |     212 |  46.4 |      79 |       1 |   1.2
            +---------+---------+-------+---------+---------+-------
        D:1 |      37 |       0 |   0.0 |      25 |       0 |   0.0
        D:2 |      68 |       0 |   0.0 |      19 |       0 |   0.0
        D:3 |      73 |     212 |  74.4 |      31 |       1 |   3.1
        D:4 |      67 |       0 |   0.0 |       4 |       0 |   0.0
            +---------+---------+-------+---------+---------+-------
